 Dungeon Crawl Stone Soup version 0.26-a0-850-g97a50ab700 (webtiles) character file.

Game seed: 809142687085220885

6356 leviel the Basher (level 10, 0/63 HPs)
             Began as a Gargoyle Fighter on Nov 21, 2020.
             Was a Priest of Kikubaaqudgha.
             Slain by an unseen horror (6 damage)
             ... on level 10 of the Dungeon.
             The game lasted 00:38:41 (12164 turns).

leviel the Basher (Gargoyle Fighter)               Turns: 12164, Time: 00:38:41

Health: 0/63       AC: 16    Str: 23    XL:     10   Next: 96%
Magic:  11/11      EV: 11    Int:  9    God:    Kikubaaqudgha [***...]
Gold:   330        SH: 12    Dex:  9    Spells: 4/11 levels left

rFire    + + .     SeeInvis .   o - +2 flail (vorpal)
rCold    + . .     Faith    .   c - +1 kite shield
rNeg     + . .     Spirit   .   z - +0 troll leather armour
rPois    ∞         Reflect  .   r - +0 helmet
rElec    +         Harm     .   j - scarf {rC+ rF+}
rCorr    .         Rampage  .   k - +0 pair of gloves
MR       .....                  B - +0 pair of boots
Stlth    +++.......             (no amulet)
HPRegen  0.60/turn              b - ring of protection from fire
MPRegen  0.12/turn              n - ring of stealth

@: flying
A: negative energy resistance 1, electricity resistance, unbreathing,
petrification resistance, rot immunity, AC +7
a: Receive Corpses, Renounce Religion


You were on level 10 of the Dungeon.
You worshipped Kikubaaqudgha.
Kikubaaqudgha was most pleased with you.
You visited 2 branches of the dungeon, and saw 11 of its levels.
You visited the Abyss 1 time.
You also visited: Ossuary.

You collected 546 gold pieces.
You spent 216 gold pieces at shops.

Inventory:

Hand Weapons
 e - a +0 whip of flaming
 o - a +2 vorpal flail (weapon)
 u - a +2 scimitar of freezing
 y - a +0 dire flail
 A - a +5 great sword
 D - the +6 dagger of Arbitration {vorpal, *Rage +Rage Str+4 SInv, unknown}
   (You found it on level 10 of the Dungeon)

   It inflicts extra damage upon your enemies.
   It affects your strength (+4).
   It lets you see invisible.
   It lets you go berserk.
   It may make you go berserk in combat.
Missiles
 E - 8 curare-tipped darts (quivered)
Armour
 c - a +1 kite shield (worn)
 h - a +1 plate armour
 j - a scarf of resistance (worn)
 k - a +0 pair of gloves (worn)
 r - a +0 helmet (worn)
 z - a +0 troll leather armour (worn)
 B - a +0 pair of boots (worn)
Jewellery
 b - a ring of protection from fire (left hand)
 n - a ring of stealth (right hand)
Wands
 f - a wand of enslavement (8)
 l - a wand of random effects (15)
 w - a wand of digging (7)
 x - a wand of polymorph (6)
Scrolls
 d - 3 scrolls of enchant armour
 g - 5 scrolls of teleportation
 q - 4 scrolls of remove curse
 s - a scroll of enchant weapon
 v - 5 scrolls of identify
Potions
 m - a potion of brilliance
 p - a potion of resistance
 t - a potion of flight


   Skills:
 + Level 7.5 Fighting
 + Level 11.5 Maces & Flails
 + Level 6.5 Armour
 + Level 2.8 Dodging
 + Level 2.4 Stealth
 + Level 7.8 Shields
 * Level 1.1 Spellcasting
 * Level 1.1 Necromancy


You had 4 spell levels left.
You knew the following spells:

 Your Spells              Type           Power        Failure   Level
a - Animate Dead          Necr           #.........   100%        4
b - Vampiric Draining     Necr           #.........   89%         3

Your spell library contained the following spells:

 Spells                   Type           Power        Failure   Level
 Animate Skeleton         Necr           #.....       54%         1
 Pain                     Necr           #...         54%         1
 Foxfire                  Conj/Fire      #...         71%         1
 Corpse Rot               Necr/Air       N/A          77%         2
 Conjure Flame            Conj/Fire      #.......     97%         3
 Inner Flame              Hex/Fire       #.......     97%         3
 Dispel Undead            Necr           #.......     100%        4
 Sticky Flame             Conj/Fire      #.......     100%        4
 Agony                    Necr           #.......     100%        5
 Borgnjor's Vile Clutch   Necr/Erth      #.........   100%        5
 Fireball                 Conj/Fire      #.........   100%        5
 Irradiate                Conj/Tmut      #.........   100%        5
 Death Channel            Necr           #.........   100%        6
 Hydra Form               Tmut           #.........   100%        6
 Dragon Form              Tmut           #.........   100%        7
 Statue Form              Tmut/Erth      Unusable     N/A         6

Dungeon Overview and Level Annotations

Branches:
Dungeon (10/15)            Temple (1/1) D:5         Ossuary (visited)
   Lair: D:8-11         Orc: D:9-12

Altars:
Ashenzari
Cheibriados
Dithmenos
Elyvilon
Fedhas
Gozag
Hepliaklqana
Kikubaaqudgha
Makhleb
Nemelex Xobeh
Okawaru
Qazlal
Ru
Sif Muna
Trog
Uskayaw
Vehumet
Wu Jian
Xom
Yredelemnul
Zin
The Shining One

Shops:
D:5 [

Annotations:
D:10 Snorg, Sonja


Innate Abilities, Weirdness & Mutations

You are resistant to torment.
Your stone body is resilient. (AC +7)
You are immune to poison.
You resist negative energy. (rN+)
You are resistant to electric shocks. (rElec)
You can survive without breathing.
You are immune to petrification.
You are immune to rotting.


Message History

The centaur warrior zombie is lightly damaged.
The centaur warrior zombie closely misses you.
The centaur warrior zombie hits you.
* * * LOW HITPOINT WARNING * * *
The steam dragon breathes steam at you. The ball of steam hits you. You resist.
* * * LOW HITPOINT WARNING * * *
You start to feel less resistant.
Your resistance to elements expires.
Something hits you but does no damage.
You feel very buoyant.
You fly up into the air.
Something hits you but does no damage. The steam dragon breathes steam at you.
The ball of steam hits something!
The ball of steam hits you. You resist.
* * * LOW HITPOINT WARNING * * *
Something barely misses you. Something hits you but does no damage.
Something hits you.
You die...
Kikubaaqudgha rasps: "You have failed me!
Welcome... oblivion!"

# #.###.#### #
#####......D.# #
#.)[########.###
# #.#.# #.§.# #
#.#.###### ###D#
###.#.##...# #§#
....#.##.#.# #{#
#####.##.#.# #{#
#.##.#.# #@#
#....#.# #.#
#######.# #.#
#.......# #.#
#.####### #.#
#.###########.#
#.............#
###############


You could see a steam dragon.

Vanquished Creatures
  A two-headed ogre (D:8)
  Erolcha (D:9)
  Maurice (D:9)
  A troll (D:10)
  A wraith (D:9)
  A basilisk (D:10)
  3 orc warriors
  A black bear (D:10)
  A sky beast (D:4)
  An eye of draining (D:3)
  2 ogres
  A phantom (D:7)
  4 ice beasts
  A necrophage (D:9)
  A centaur (D:5)
  A big kobold (D:9)
  2 bullfrogs
  An elf skeleton (D:9)
  A scorpion (D:7)
  5 killer bees (D:10)
  11 wights
  3 electric eels (D:6)
  3 howler monkeys (D:8)
  4 bullfrog zombies
  3 centaur zombies
  3 human zombies (D:9)
  A quasit (D:6)
  7 orc priests
  A gnoll shaman (D:4)
  5 hounds
  3 jellies
  3 bullfrog skeletons
  7 orc wizards
  2 human skeletons (D:9)
  4 worker ants
  A killer bee zombie (D:5)
  An ogre zombie (D:9)
  2 hound skeletons
  5 mummies
  4 gnolls
  8 adders
  A shadow imp (D:5)
  4 white imps
  4 ufetubi
  3 oozes
  2 adder zombies
  4 worms
  3 dart slugs
  7 leopard geckos
  28 orcs
  A ball python (D:3)
  10 bats
  4 giant cockroaches
  7 goblins
  5 hobgoblins
  12 jackals
  3 quokkas
  4 frilled lizards
  5 goblin zombies
  A hobgoblin zombie (Ossuary)
  7 kobolds
  An orc skeleton (D:9)
  2 orc zombies (Ossuary)
  A quokka zombie (D:4)
  10 rats
241 creatures vanquished.

Vanquished Creatures (others)
  24 plants
24 creatures vanquished.

Grand Total: 265 creatures vanquished

Notes
Turn   | Place    | Note
-------+----------+-------------------------------------------
     0 | D:1      | leviel the Gargoyle Fighter began the quest for the Orb.
     0 | D:1      | Reached XP level 1. HP: 14/14 MP: 1/1
   285 | D:1      | Reached XP level 2. HP: 17/19 MP: 2/2
   708 | D:1      | Reached XP level 3. HP: 24/24 MP: 3/3
  1038 | D:2      | Reached skill level 3 in Maces & Flails
  1122 | D:2      | Reached XP level 4. HP: 27/29 MP: 4/4
  1690 | D:2      | Reached XP level 5. HP: 26/33 MP: 5/5
  2536 | D:3      | Reached skill level 4 in Maces & Flails
  2678 | D:3      | Noticed an eye of draining
  2679 | D:3      | Found a bloodstained altar of Trog.
  2710 | D:3      | Killed an eye of draining
  2711 | D:3      | Reached skill level 1 in Dodging
  2711 | D:3      | Reached XP level 6. HP: 40/40 MP: 1/6
  2838 | D:4      | Noticed a sky beast
  2846 | D:4      | Killed a sky beast
  2847 | D:4      | Reached skill level 5 in Fighting
  2932 | D:4      | Reached XP level 7. HP: 39/44 MP: 7/7
  3025 | D:4      | Reached skill level 5 in Maces & Flails
  3163 | D:4      | Reached skill level 5 in Armour
  3433 | D:4      | Found a sand-covered staircase.
  3441 | Ossuary  | Entered an ossuary
  4541 | D:4      | Found a shadowy altar of Dithmenos.
  4760 | D:5      | Entered Level 5 of the Dungeon
  4784 | D:5      | Reached skill level 6 in Maces & Flails
  4784 | D:5      | Reached XP level 8. HP: 50/50 MP: 8/8
  5006 | D:5      | Found Maly's Antique Armour Shop.
  5020 | D:5      | Bought a glowing scarf for 216 gold pieces
  5159 | D:5      | Found a staircase to the Ecumenical Temple.
  5168 | Temple   | Entered the Ecumenical Temple
  5374 | Temple   | Became a worshipper of Kikubaaqudgha
  5498 | D:5      | Found a burning altar of Makhleb.
  5498 | D:5      | Found a glowing silver altar of Zin.
  5499 | D:5      | Noticed an angel
  5499 | D:5      | Noticed an Executioner
  6104 | D:5      | Reached skill level 5 in Shields
  7653 | D:6      | Reached skill level 7 in Maces & Flails
  7922 | D:7      | Reached XP level 9. HP: 56/56 MP: 9/9
  7975 | D:7      | Reached * piety under Kikubaaqudgha
  7975 | D:7      | Identified Kikubaaqudgha's Almanac of Dark Rituals
                  | (Kikubaaqudgha gifted it to you on level 7 of the Dungeon)
  7975 | D:7      | Received a gift from Kikubaaqudgha
  8080 | D:7      | Learned a level 1 spell: Animate Skeleton
  8085 | D:7      | Learned a level 3 spell: Vampiric Draining
  8369 | D:7      | Reached skill level 8 in Maces & Flails
  8541 | D:8      | Noticed a two-headed ogre
  8565 | D:8      | Killed a two-headed ogre
  8566 | D:8      | Reached skill level 9 in Maces & Flails
  9014 | D:8      | Reached XP level 10. HP: 57/61 MP: 10/10
  9105 | D:8      | Reached ** piety under Kikubaaqudgha
  9307 | D:9      | Reached skill level 10 in Maces & Flails
  9307 | D:9      | Reached skill level 1 in Stealth
  9405 | D:9      | Noticed Maurice
  9422 | D:9      | Killed Maurice
  9549 | D:9      | Noticed Erolcha
  9566 | D:10     | Entered Level 10 of the Dungeon
 10084 | D:10     | Reached skill level 11 in Maces & Flails
 10167 | D:10     | Noticed Sonja
 10196 | D:10     | Cast into level 2 of the Abyss (Sonja)
 10223 | Abyss:2  | Noticed a large abomination
 10275 | Abyss:2  | Noticed a large abomination
 10313 | Abyss:2  | Noticed a thrashing horror
 10332 | D:10     | Escaped the Abyss
 10377 | D:10     | Got an ichor-stained dagger
 10557 | D:10     | Noticed Snorg
 10672 | D:9      | Killed Erolcha
 10962 | D:9      | Found a radiant altar of Vehumet.
 11004 | D:9      | Reached *** piety under Kikubaaqudgha
 11004 | D:9      | Identified Kikubaaqudgha's Handbook of Necromancy
                  | (Kikubaaqudgha gifted it to you on level 9 of the Dungeon)
 11004 | D:9      | Received a gift from Kikubaaqudgha
 11014 | D:9      | Learned a level 4 spell: Animate Dead
 11092 | D:9      | Found a basalt altar of Yredelemnul.
 11161 | D:9      | Reached skill level 1 in Necromancy
 11402 | D:10     | Reached skill level 1 in Spellcasting
 12148 | D:10     | HP: 3/63 [centaur warrior zombie (3)]
 12164 | D:10     | Slain by an unseen horror

Illustrated notes

Levels and vault maps discovered:
D:1:      psy_arrival_whirlpool, layout_basic, hangedman_glass_teeth
D:2:      layout_basic, minmay_tromino_v4_b
D:3:      minmay_wonky_spiral, layout_loops_ring, hex_tiny, solitary_fountain,
          trog_eyes_of_draining
D:4:      layout_loops_ring, enter_ossuary_4, minmay_statues_item,
          serial_bayou_ford_a, grunt_dithmenos_smoke
D:5:      layout_basic, grunt_temple_overflow_order_and_chaos_2,
          minmay_temple_entry_hall, serial_shops,
          nicolae_shop_overgrown_old_shop
D:6:      layout_basic, chequers_big_river, chequers_jeans
D:7:      layout_basic
D:8:      layout_cave_pools, kennysheep_generic_room_13
D:9:      layout_cross, lemuel_mausoleum_altar_yredelemnul, vehumet_crystals,
          uniq_erolcha, uniq_maurice
D:10:     layout_basic, david_lair_generic, uniq_snorg, uniq_sonja
Temple:   eino_narrow_crystal_temple

Skill      XL: |  1  2  3  4  5  6  7  8  9 10 |
---------------+-------------------------------+-----
Maces & Flails | 3 4 6 7 9 11 | 11.5
Fighting       | 4 5 6 7 |  7.5
Armour         | 4 5 6 |  6.5
Dodging        | 1 2 |  2.8
Shields        | 4 6 7 |  7.8
Stealth        | 2 |  2.4
Necromancy     | 1 |  1.1
Spellcasting   | 1 |  1.1

Action                   |  1- 3 |  4- 6 |  7- 9 | 10-12 || total
-------------------------+-------+-------+-------+-------++-------
Melee: Flail             |   137 |   149 |   182 |   291 ||   759
       Whip              |       |       |   451 |       ||   451
Evoke: Wand              |       |       |     2 |       ||     2
  Use: Scroll            |       |    12 |     6 |     3 ||    21
       Potion            |       |     2 |     9 |     8 ||    19
 Stab: Sleeping          |       |       |       |     6 ||     6
       Distracted        |       |       |       |     1 ||     1
Armor: Scale mail        |    80 |    86 |   244 |       ||   410
       Plate armour      |       |       |    76 |    72 ||   148
       Troll leather arm |       |       |       |    52 ||    52
Dodge: Dodged            |    50 |    51 |   185 |    73 ||   359
Block: Kite shield       |    81 |    77 |   355 |   165 ||   678

Table legend: (Time is in decaauts)
 A = Elapsed time spent in this place.
 B = Non-inter-level travel time spent in this place.
 C = Inter-level travel time spent in this place.
 D = Time resting spent in this place.
 E = Time spent auto-exploring this place.
 F = Levels seen in this place.
 G = Mean time per level.
                   A        B        C        D        E       F      G
               +--------+--------+--------+--------+--------+-----+--------+
         Total |  12212 |  11714 |    498 |   3611 |   5543 |  13 |  939.4 |
       Dungeon |  11380 |  10918 |    462 |   3587 |   5012 |  10 | 1138.0 |
        Temple |    221 |    185 |     36 |      0 |    171 |   1 |  221.0 |
         Abyss |    135 |    135 |      0 |     20 |      0 |   1 |  135.0 |
       Ossuary |    474 |    474 |      0 |      4 |    360 |   1 |  474.0 |
               +--------+--------+--------+--------+--------+-----+--------+

Top non-repeatable levels by time:
    D:10: 1710 daAuts
     D:5: 1462 daAuts
     D:4: 1452 daAuts
     D:6: 1428 daAuts
     D:1: 1019 daAuts
     D:9: 986 daAuts
     D:2: 968 daAuts
     D:3: 934 daAuts
     D:8: 762 daAuts
     D:7: 655 daAuts
 Ossuary: 474 daAuts
  Temple: 221 daAuts
 Abyss:2: 135 daAuts
